 Dungeon Crawl Stone Soup version 0.30.1-11-g7821555f0a (webtiles) character file.

Game seed: 17404101089354690346

427 lonewolfV2 the Fighter (level 7, -5/63 HPs)
             Began as a Formicid Fighter on Nov 10, 2023.
             Slain by a gnoll sergeant
             ... wielding a +2 spear of venom
              (13 damage)
             ... on level 4 of the Dungeon.
             The game lasted 00:03:50 (2997 turns).

lonewolfV2 the Fighter (Formicid Fighter)           Turns: 2997, Time: 00:03:50

Health: -5/63      AC:  6    Str: 22    XL:     7   Next: 18%
Magic:  7/7        EV: 17    Int:  8    God:
Gold:   177        SH: 12    Dex: 11    Spells: 6/6 levels left

rFire   + . .        a - +0 war axe (venom)
rCold   . . .        e - +0 tower shield
rNeg    . . .        b - +0 scale mail
rPois   .            (helmet unavailable)
rElec   .            (no cloak)
rCorr   .            (no gloves)
SInv    +            (no boots)
Will    .....        (no amulet) Stlth
                     l - +5 ring of evasion
HPRegen 0.30/turn    f - +5 ring of evasion
MPRegen 0.10/turn

%: no passive effects
@: lethally poisoned (-5 -> -17)
A: permanent stasis, dig shafts and tunnels, antennae 3, four strong arms,
clumsy 1, fire resistance 1, sturdy frame 1
a: Dig, Shaft Self


You were on level 4 of the Dungeon.
You visited 1 branch of the dungeon, and saw 4 of its levels.

You collected 177 gold pieces.

Inventory:

Hand Weapons
 a - a +0 war axe of venom (weapon)
Armour
 b - a +0 scale mail (worn)
 e - a +0 tower shield (worn)
Jewellery
 f - a +5 ring of evasion (right hand)
 l - a +5 ring of evasion (left hand)
Scrolls
 j - a scroll of enchant weapon {unknown}
 k - 2 scrolls of fear {unknown}
 m - a scroll of acquirement {unknown}
 n - a scroll of silence {unknown}
 o - a scroll of enchant armour {unknown}
 p - 3 scrolls of fog
 q - a scroll of poison {unknown}
Potions
 d - a potion of might
 g - a potion of berserk rage
 h - 3 potions of brilliance
 i - 2 potions of curing


   Skills:
 * Level 8.3 Fighting
 - Level 2.0 Axes
 - Level 3.2 Armour
 - Level 4.0 Shields


You had 6 spell levels left.
You didn't know any spells.
Your spell library was empty.

Dungeon Overview and Level Annotations

Branches:
Dungeon (4/15)
 Temple: D:4-7

Altars:
Uskayaw


Innate Abilities, Weirdness & Mutations

You cannot be hasted, slowed, berserked, paralysed or teleported.
You can dig through walls and to a lower floor.
You have a pair of large antennae on your head. (SInv)
Your four strong arms can wield two-handed weapons with a shield.
You are clumsy. (Dex -2)
Your flesh is heat resistant. (rF+)
Your movements are slightly less encumbered by armour. (ER -2)


Message History

You see here a +0 flail.
You feel very sick.
The gnoll bouda barks out a call to the hunt!
The gnolls pick up the pace!
You see here a +0 spear.
You slash the gnoll bouda!
The gnoll bouda is heavily wounded.
* * * LOW HITPOINT WARNING * * *
You feel very sick. You block the gnoll bouda's attack.
You block the gnoll sergeant's attack. The gnoll bouda closely misses you.
The gnoll sergeant hits you from afar with a +2 spear of venom!
* * * LOW HITPOINT WARNING * * *
It was a potion of curing.
You feel better.
The gnoll bouda calls upon its god to heal the gnoll.
The gnoll is healed somewhat.
The gnoll sergeant barely misses you.
You hit the gnoll bouda but do no damage.
The gnoll bouda is moderately wounded.
You block the gnoll bouda's attack. You block the gnoll sergeant's attack.
The gnoll sergeant barely misses you. You block the gnoll bouda's attack.
You barely miss the gnoll bouda.
The gnoll bouda is moderately wounded.
You block the gnoll bouda's attack.
The gnoll sergeant completely misses you.
You hit the gnoll bouda.
The gnoll bouda is poisoned.
The gnoll bouda is severely wounded.
The gnoll bouda calls upon its god to heal the gnoll.
The gnoll's wounds heal themselves!
You block the gnoll sergeant's attack.
The gnoll sergeant hits you from afar with a +2 spear of venom.
* * * LOW HITPOINT WARNING * * *
You are lethally poisoned!
You block the gnoll bouda's attack.
It was a potion of mutation.
You feel extremely strange.
You feel less encumbered by your armour.
You feel clumsy.
You feel resistant to heat.
* * * LOW HITPOINT WARNING * * *
You feel very sick. You block the gnoll bouda's attack.
The gnoll sergeant hits you from afar with a +2 spear of venom!
You die...

#........## #...##.
..###...## ##..... ###.#
#..... #.## ##..... #..#
##...... ##)###.......
..# ####.).........
.....#####..............
#...ggg@).......####....
..).gg#######...## #....
#>... #..#.###.... #...
##.###..#.... ##. #.##
##...... # ##.# #..#...
#.## #.###.. ##.## #.##
##. ##.##.# #.


You could see a gnoll sergeant (swift), a gnoll bouda (very poisoned) and 3
gnolls.

Vanquished Creatures
  2 ogres (D:4)
  An orc priest (D:3)
  2 orc wizards (D:4)
  3 adders
  6 gnolls (D:4)
  2 worms (D:2)
  2 dart slugs
  7 orcs
  5 bats
  5 endoplasms
  3 giant cockroaches
  6 goblins
  7 hobgoblins
  5 jackals
  2 kobolds
  A quokka (D:3)
  8 ball pythons
  5 frilled lizards
  4 rats
76 creatures vanquished.

Notes
Turn   | Place    | Note
-------+----------+-------------------------------------------
     0 | D:1      | lonewolfV2 the Formicid Fighter began the quest for the
                  | Orb.
     0 | D:1      | Reached XP level 1. HP: 18/18 MP: 1/1
   190 | D:1      | Reached XP level 2. HP: 21/25 MP: 2/2
   265 | D:1      | You fall into a shaft and drop 1 floor!
   276 | D:1      | Reached skill level 4 in Fighting
   359 | D:1      | Reached XP level 3. HP: 31/31 MP: 3/3
   987 | D:2      | Reached skill level 5 in Fighting
  1036 | D:2      | Found a hide-covered altar of Uskayaw.
  1106 | D:2      | Reached XP level 4. HP: 39/39 MP: 4/4
  1600 | D:3      | Reached skill level 6 in Fighting
  1600 | D:3      | Reached XP level 5. HP: 46/46 MP: 5/5
  2162 | D:4      | Noticed an ogre
  2168 | D:4      | Noticed an ogre
  2169 | D:4      | Killed an ogre
  2170 | D:4      | Reached skill level 7 in Fighting
  2170 | D:4      | Reached XP level 6. HP: 11/55 MP: 6/6
  2174 | D:4      | Killed an ogre
  2553 | D:4      | Reached skill level 8 in Fighting
  2616 | D:4      | Reached XP level 7. HP: 62/62 MP: 7/7
  2997 | D:4      | Gained mutation: Your movements are slightly less
                  | encumbered by armour. (ER -2) [potion of mutation]
  2997 | D:4      | Gained mutation: You are clumsy. (Dex -2) [potion of
                  | mutation]
  2997 | D:4      | Gained mutation: Your flesh is heat resistant. (rF+)
                  | [potion of mutation]
  2997 | D:4      | Slain by a gnoll sergeant

Illustrated notes

Levels and vault maps discovered:
D:1:      scummos_arrival_checkerplants, layout_loops_ring
D:2:      layout_loops_ring, basic_altar, minivault_24
D:3:      layout_basic, kennysheep_doodads
D:4:      layout_layer_cave, ebering_ghost_disaster_area

Skill      XL: |  1  2  3  4  5  6 |
---------------+-------------------+-----
Fighting       | 4 5 6 7 8 |  8.3
Axes           | |  2.0
Armour         | |  3.2
Shields        | |  4.0

Action                     |  1- 3 |  4- 6 |  7- 9 || total
---------------------------+-------+-------+-------++-------
  Melee: War axe           |    94 |    73 |    27 ||   194
    Use: Scroll            |     3 |     5 |       ||     8
         Potion            |       |     1 |     2 ||     3
 Armour: Scale mail        |    43 |    18 |     3 ||    64
  Dodge: Dodged            |    46 |    48 |    22 ||   116
  Block: Buckler           |    39 |    13 |       ||    52
         Tower shield      |       |    34 |    33 ||    67
